 Dungeon Crawl Stone Soup version 0.29-a0-284-gf9362112df (webtiles) character file.

Game seed: 15071510765379170779

38072 namelastname112 the Fighter (level 13, -9/177 HPs)
             Began as a Grey Draconian Brigand on Mar 14, 2022.
             Was a High Priest of Dithmenos.
             Killed from afar by an efreet (35 damage)
             ... with a fireball
             ... on level 15 of the Dungeon.
             The game lasted 00:20:56 (19881 turns).

namelastname112 the Fighter (DrBr)                 Turns: 19881, Time: 00:20:57

Health: -9/177     AC: 19    Str: 14    XL:     13   Next: 61%
Magic:  13/13      EV: 22    Int: 12    God:    Dithmenos [*****.]
Gold:   470        SH:  0    Dex: 17    Spells: 12/12 levels left

rFire   . . .      SeeInvis +   m - +3 dagger (venom)
rCold   . . .      Faith    .   (no shield)
rNeg    . . .      Spirit   .   (body armour unavailable)
rPois   .          Reflect  .   (helmet restricted)
rElec   .          Harm     .   b - +1 cloak
rCorr   .          Rampage  .   D - +0 pair of gloves
Will    .....                   a - +2 pair of boots
Stlth   ..........              N - amulet of the acrobat
HPRegen 0.39/turn               F - +4 ring of evasion
MPRegen 0.13/turn               i - ring of see invisible

@: berserking, marked, wreathed by umbra, very quick
A: AC +13, amphibious, unfitting armour, cold-blooded
a: Renounce Religion, Shadow Step, Shadow Form


You were on level 15 of the Dungeon.
You worshipped Dithmenos.
Dithmenos was extremely pleased with you.
You visited 2 branches of the dungeon, and saw 16 of its levels.
You visited 1 bazaar.
You also visited: Bailey.

You collected 1098 gold pieces.
You spent 628 gold pieces at shops.

Inventory:

Hand Weapons
 m - a +3 dagger of venom (weapon)
 y - a +2 rapier of venom
Missiles
 c - 45 poisoned darts (quivered)
 d - 3 curare-tipped darts
 B - 3 atropa-tipped darts
 E - 23 javelins
 M - 2 datura-tipped darts
Armour
 a - a +2 pair of boots (worn)
 b - a +1 cloak (worn)
 D - a +0 pair of gloves (worn)
Jewellery
 i - a ring of see invisible (right hand)
 k - a +4 ring of evasion
 u - an amulet of faith
 v - a ring of magical power
 A - a ring of wizardry
 C - a ring of willpower
 F - a +4 ring of evasion (left hand)
 N - an amulet of the acrobat (around neck)
Wands
 n - a wand of polymorph (7)
 s - a wand of paralysis (2)
 J - a wand of flame (4)
Scrolls
 e - 7 scrolls of teleportation
 l - 2 scrolls of fog
 r - 2 scrolls of fear
 G - 3 scrolls of enchant weapon
 H - 2 scrolls of summoning
 I - a scroll of enchant armour
 K - a scroll of blinking
 O - a scroll of amnesia
Potions
 f - 11 potions of curing
 g - 2 potions of brilliance
 j - 3 potions of might
 o - 2 potions of cancellation
 p - 5 potions of attraction
 q - 3 potions of mutation
 t - a potion of lignification
 x - a potion of haste
 z - a potion of ambrosia


   Skills:
 + Level 12.0 Fighting
 + Level 11.0 Short Blades
 + Level 10.1 Throwing
 + Level 10.0 Dodging
 + Level 11.4 Stealth


You had 12 spell levels left.
You didn't know any spells.
Your spell library contained the following spells:

 Spells                   Type           Power      Damage    Failure   Level
 Animate Skeleton         Necr           0%         N/A       32%         1
 Apportation              Tloc           0%         N/A       32%         1
 Foxfire                  Conj/Fire      0%         2x1d4     32%         1
 Magic Dart               Conj           0%         1d3       32%         1
 Pain                     Necr           0%         1d4       32%         1
 Sting                    Tmut/Pois      0%         1d3       32%         1
 Summon Small Mammal      Summ           0%         N/A       32%         1
 Call Imp                 Summ           0%         N/A       45%         2
 Corpse Rot               Necr/Air       0%         N/A       45%         2
 Ensorcelled Hibernation  Hex/Ice        0%         N/A       45%         2
 Passwall                 Tmut/Erth      0%         N/A       45%         2
 Poisonous Vapours        Pois/Air       0%         N/A       45%         2
 Confusing Touch          Hex            0%         N/A       69%         3
 Conjure Flame            Conj/Fire      0%         6-21      69%         3
 Gell's Gravitas          Tloc           0%         N/A       69%         3
 Inner Flame              Hex/Fire       0%         N/A       69%         3
 Lesser Beckoning         Tloc           0%         N/A       69%         3
 Mephitic Cloud           Conj/Pois/Air  0%         N/A       69%         3
 Summon Guardian Golem    Hex/Summ       0%         N/A       69%         3
 Swiftness                Air            0%         N/A       69%         3
 Teleport Other           Tloc           0%         N/A       69%         3
 Vampiric Draining        Necr           0%         2d6       69%         3
 Flame Wave               Conj/Fire      0%         2d4       97%         4
 Olgreb's Toxic Radiance  Pois           0%         N/A       97%         4
 Agony                    Necr           0%         N/A       100%        5
 Excruciating Wounds      Necr           0%         N/A       100%        5
 Yara's Violent Unravell  Hex/Tmut       0%         3d3       100%        5
 Enfeeble                 Hex            0%         N/A       100%        7
 Haunt                    Necr/Summ      0%         N/A       100%        7
 Malign Gateway           Summ/Tloc      0%         N/A       100%        7


Dungeon Overview and Level Annotations

Branches:
Dungeon (15/15)            Temple (1/1) D:5            Lair (0/6) D:10
    Orc (0/2) D:12         Vaults (0/5) D:13         Bailey (visited)
 Depths: D:15

Altars:
Ashenzari
Dithmenos
Fedhas
Hepliaklqana
Makhleb
Qazlal
Ru
Sif Muna
Wu Jian
Xom
Zin
The Shining One

Shops:
D:1 [   D:3 =   D:4 *   D:7 (

Annotations:
D:10 exclusion: orange crystal statue


Innate Abilities, Weirdness & Mutations

Your dull iron-grey scales are very hard. (AC +13)
You are amphibious.
You cannot fit into any form of body armour.
You are cold-blooded and may be slowed by cold attacks.


Message History

You are too injured to fight recklessly!!!
You are too injured to fight recklessly!!!
You are too injured to fight recklessly!!!
You are too injured to fight recklessly!!!
You take 48 damage, and have 49/118 hp!
MASSIVE DAMAGE!!!!!!
You spit the efreet but do no damage!
The efreet is moderately wounded!
Your shadow hits the efreet but does no damage!
Okay, then!
A red film seems to cover your vision as you go berserk!!!
You feel yourself moving faster!!!
You feel mighty!!!
The centaur warrior shoots an arrow!
The arrow completely misses you! The efreet gestures at you!
The bolt of fire hits you!!!!!! * * * don't die
* * * The centaur warrior shoots an arrow!
The arrow misses you!
You now have 50/177 hp!
You skewer the efreet but do no damage!
The efreet is poisoned!
You punch the efreet!
The efreet is heavily wounded!
The efreet gestures at you!
The bolt of fire hits you! * * * don't die
* * * You take 6 damage, and have 44/177 hp!
You perforate the efreet like a sieve!
The efreet is heavily wounded!
Your shadow hits the efreet but does no damage!
The centaur warrior shoots an arrow!
The arrow hits you!!!!!! * * * don't die
* * * You take 18 damage, and have 26/177 hp!
You perforate the efreet like a sieve!!!
The efreet looks as sick as possible!!!
The efreet is severely wounded!
You skewer the efreet but do no damage!
The efreet looks as sick as possible!!!
You tail-slap the efreet, but do no damage!
The efreet is severely wounded!
The centaur warrior shoots an arrow!
The arrow misses you! The efreet gestures at you!
The fireball explodes!!!
The fireball engulfs you!!!!!! rip

. #. ##.####
....... .....!.
.......
.......######
...../.@..c(#
......R####.#
....... #.#
##..##=####.####.#
#. #..........# #.
#.#####.####.# . #
#.# #.# #.#


You could see a centaur warrior and an efreet (extremely poisoned).

Vanquished Creatures
  Erolcha (D:13)
  2 hydras (D:14)
  3 rakshasas (D:15)
  2 boulder beetles
  5 centaur warriors
  2 dancing weapons (D:13)
  An ogre mage (D:14)
  6 two-headed ogres
  Urug (D:13)
  Pikel (D:7)
  An oklob plant (D:10)
  6 ugly things
  5 cyclopes
  A manticore (D:11)
  A cane toad (shapeshifter) (D:13)
  A gargoyle (D:10)
  Maggie (D:7)
  A freezing wraith (D:9)
  4 trolls
  4 slime creatures (D:11)
  3 meliai (D:13)
  2 hornets
  2 centaur simulacra (D:14)
  A shadow (D:12)
  3 wraiths
  26 yaks
  A wyvern (D:4)
  2 water elementals (D:13)
  Eustachio (D:5)
  A basilisk (D:14)
  9 vampire mosquitoes
  Menkaure (D:7)
  3 steam dragons
  A harpy simulacrum (D:13)
  2 water moccasins (D:7)
  3 acid dragons
  A black bear (D:5)
  21 orc warriors
  3 sky beasts
  An ice beast (D:5)
  5 ogres
  18 centaurs
  A lemure (D:7)
  2 kobold brigands
  A phantom (D:5)
  5 bullfrogs
  4 scorpions
  A gnoll sergeant (D:9)
  2 necrophages
  3 wights (D:6)
  19 killer bees
  5 howler monkeys
  7 electric eels
  2 hounds (D:6)
  A gnoll shaman (D:7)
  2 jellies
  8 orc priests
  2 iguanas (D:5)
  20 orc wizards
  3 gnolls (D:7)
  8 adders
  4 white imps
  2 ufetubi
  2 dart slugs (D:2)
  80 orcs
  A ball python (D:3)
  4 bats
  6 endoplasms
  5 giant cockroaches
  10 goblins
  4 hobgoblins
  A quokka (D:2)
  A frilled lizard (D:1)
  11 kobolds
  4 rats
390 creatures vanquished.

Vanquished Creatures (others)
  10 plants (D:5)
10 creatures vanquished.

Grand Total: 400 creatures vanquished

Notes
Turn   | Place    | Note
-------+----------+-------------------------------------------
     0 | D:1      | namelastname112 the Draconian Brigand began the quest for
                  | the Orb.
     0 | D:1      | Reached XP level 1. HP: 17/17 MP: 1/1
   106 | D:1      | Reached skill level 1 in Dodging
   253 | D:1      | Reached XP level 2. HP: 24/25 MP: 2/2
   348 | D:1      | Found Naeras's Armour Shoppe.
   555 | D:2      | Reached XP level 3. HP: 30/30 MP: 3/3
  1256 | D:2      | Reached XP level 4. HP: 37/37 MP: 4/4
  1616 | D:3      | Reached skill level 3 in Fighting
  1819 | D:3      | Found Exteinao's Jewellery Emporium.
  2143 | D:4      | Noticed a scorpion
  2147 | D:4      | Killed a scorpion
  2148 | D:4      | Reached XP level 5. HP: 45/45 MP: 5/5
  2280 | D:4      | Noticed a yak
  2280 | D:4      | Noticed a yak
  2282 | D:4      | Noticed a yak
  2319 | D:4      | Killed a yak
  2320 | D:4      | Reached XP level 6. HP: 32/52 MP: 6/6
  2329 | D:4      | Killed a yak
  2330 | D:4      | Reached skill level 4 in Fighting
  2332 | D:4      | Killed a yak
  2333 | D:4      | Reached skill level 5 in Stealth
  2333 | D:4      | Your scales start taking on a dull iron-grey colour.
  2333 | D:4      | Reached XP level 7. HP: 39/60 MP: 7/7
  2684 | D:4      | Noticed a wyvern
  2762 | D:4      | Killed a wyvern
  3051 | D:4      | Reached skill level 5 in Fighting
  3051 | D:4      | Reached XP level 8. HP: 59/68 MP: 8/8
  3339 | D:4      | Found Fuujox's Assorted Antiques.
  3342 | D:4      | Bought a scroll labelled CUETEBR VYDAC for 24 gold pieces
  3342 | D:4      | Bought a scroll labelled CUETEBR VYDAC for 24 gold pieces
  3342 | D:4      | Bought a scroll labelled CUETEBR VYDAC for 24 gold pieces
  3342 | D:4      | Bought 2 smoky white potions for 43 gold pieces
  3514 | D:5      | Entered Level 5 of the Dungeon
  3559 | D:5      | Found a staircase to the Ecumenical Temple.
  3593 | Temple   | Entered the Ecumenical Temple
  3638 | Temple   | Became a worshipper of Dithmenos the Shadowed
  3699 | D:5      | Noticed Eustachio
  3721 | D:5      | Killed Eustachio
  3792 | D:5      | Reached skill level 5 in Short Blades
  4113 | D:5      | Reached skill level 6 in Fighting
  4288 | D:5      | Reached skill level 5 in Throwing
  4446 | D:5      | Reached XP level 9. HP: 75/75 MP: 9/9
  4531 | D:5      | Reached * piety under Dithmenos
  4765 | D:6      | Reached skill level 5 in Dodging
  6034 | D:7      | Reached skill level 7 in Fighting
  6036 | D:7      | Reached ** piety under Dithmenos
  6145 | D:7      | Noticed Maggie
  6152 | D:7      | Killed Maggie
  6206 | D:7      | Paralysed by a hornet for 1 turns
  6576 | D:7      | Got the Grimoire of the Escort
  6676 | D:7      | Noticed a troll
  6676 | D:7      | Noticed Menkaure
  6696 | D:7      | Killed a troll
  6697 | D:7      | Reached XP level 10. HP: 67/86 MP: 10/10
  6701 | D:7      | Killed Menkaure
  6804 | D:7      | Found Tethryza's Weapon Shoppe.
  6807 | D:7      | Noticed Pikel
  6831 | D:7      | Killed Pikel
  6967 | D:7      | Bought a +2 rapier of venom for 218 gold pieces
  7395 | D:8      | Found a shimmering blue altar of Sif Muna.
  7400 | D:8      | Found a blossoming altar of Fedhas.
  8401 | D:9      | Reached skill level 8 in Fighting
  8535 | D:9      | Noticed a boulder beetle
  8559 | D:9      | Killed a boulder beetle
  8837 | D:9      | Reached *** piety under Dithmenos
  9234 | D:9      | Noticed a two-headed ogre
  9241 | D:9      | Killed a two-headed ogre
  9242 | D:9      | Reached XP level 11. HP: 95/95 MP: 11/11
  9645 | D:9      | Reached skill level 9 in Fighting
  9881 | D:10     | Entered Level 10 of the Dungeon
 10216 | D:10     | Found a flagged portal.
 10222 | D:10     | Reached **** piety under Dithmenos
 10230 | Bailey   | Entered a bailey
 11380 | D:10     | Noticed an oklob plant
 11384 | D:10     | Killed an oklob plant
 11409 | D:10     | Found a staircase to the Lair.
 12137 | D:10     | Noticed an orange crystal statue
 12422 | D:11     | Reached skill level 10 in Fighting
 12468 | D:11     | Reached XP level 12. HP: 27/106 MP: 12/12
 12877 | D:11     | Noticed a two-headed ogre
 12880 | D:11     | Killed a two-headed ogre
 12971 | D:11     | Found a gateway to a bazaar.
 13007 | Bazaar   | Entered a bazaar
 13102 | Bazaar   | Found Ygat's Book Shoppe.
 13118 | Bazaar   | Found Xuossump's Antique Weapon Emporium.
 13134 | Bazaar   | Found Moalopnu's Antique Weapon Shoppe.
 13150 | Bazaar   | Found Gunlorhy's Antique Armour Emporium.
 13150 | Bazaar   | Found Moakotz's Weapon Shoppe.
 13197 | Bazaar   | Bought 2 datura-tipped darts for 7 gold pieces
 13218 | Bazaar   | Bought a runed short sword for 138 gold pieces
 13233 | Bazaar   | Bought a glowing dagger for 150 gold pieces
 13338 | D:11     | Noticed a boulder beetle
 13346 | D:11     | Killed a boulder beetle
 13386 | D:11     | Noticed a centaur warrior
 13402 | D:11     | Killed a centaur warrior
 13403 | D:11     | Reached skill level 10 in Stealth
 13904 | D:12     | Reached ***** piety under Dithmenos
 14913 | D:12     | Noticed a centaur warrior
 14927 | D:12     | Killed a centaur warrior
 15422 | D:12     | Found a staircase to the Orcish Mines.
 15889 | D:13     | Noticed a two-headed ogre
 15903 | D:13     | Killed a two-headed ogre
 16006 | D:13     | Noticed Erolcha
 16009 | D:13     | Noticed Urug
 16013 | D:13     | Killed Erolcha
 16014 | D:13     | Reached skill level 10 in Short Blades
 16017 | D:13     | Killed Urug
 16018 | D:13     | Reached skill level 11 in Fighting
 16132 | D:13     | Noticed a centaur warrior
 16161 | D:13     | Killed a centaur warrior
 16225 | D:13     | Found a gate to the Vaults.
 16600 | D:13     | Reached XP level 13. HP: 110/116 MP: 13/13
 17623 | D:14     | Found a broken altar of Ashenzari.
 18957 | D:15     | Entered Level 15 of the Dungeon
 19255 | D:15     | Reached skill level 10 in Throwing
 19425 | D:15     | Reached skill level 12 in Fighting
 19425 | D:15     | Reached skill level 10 in Dodging
 19881 | D:15     | Killed from afar by an efreet

Illustrated notes

Levels and vault maps discovered:
D:1:      dpeg_arrival_three_bigger_balls, layout_rooms, serial_shops,
          nicolae_shop_crystal
D:2:      layout_loops_ring
D:3:      layout_basic, serial_shops, shop_statue, nicolae_underground_beach
D:4:      layout_basic, serial_shops, nicolae_shop_statue_plus
D:5:      layout_loops_ring, minmay_temple_entry_glassed_door,
          serial_bayou_lagoon_b, uniq_eustachio
D:6:      layout_basic, st_stairs_11
D:7:      layout_loops_cross, nicolae_stop_n_shop_1, uniq_maggie, uniq_pikel,
          uniq_menkaure
D:8:      layout_basic, grunt_temple_overflow_open
D:9:      kennysheep_blocky_room, layout_basic
D:10:     layout_loops_ring, dpeg_oklobed_lair, enter_bailey_3,
          minmay_misc_feat_diagonals, nicolae_twisting_strands, hex_medium,
          minivault_16, grunt_ogre_cave, lightli_minifort
D:11:     layout_roguey, serial_shops, bzr_entry_water, serial_glass,
          glass_columns_c, glass_columns_c, item_on_display_a,
          item_on_display_a, due_unseen_surprise, feat_on_display
D:12:     layout_rooms, erik_orc_2
D:13:     layout_basic, erik_vaults_1, uniq_erolcha, uniq_urug
D:14:     layout_roguey, ashenzari_conservatory_becter
D:15:     grunt_enter_depths_magical_seal, layout_loops_ring,
          chequers_big_river, nicolae_burly_brawl
Temple:   regret_index_temple_chain_breaker

Skill      XL: |  1  2  3  4  5  6  7  8  9 10 11 12 13 |
---------------+----------------------------------------+-----
Dodging        | 1 2 3 4 5 7 8 9 10 | 10.0
Throwing       | 2 3 4 5 6 7 8 9 10 | 10.1
Stealth        | 4 5 6 7 8 9 10 11 | 11.4
Fighting       | 3 4 5 6 7 8 10 11 12 | 12.0
Short Blades   | 3 4 5 6 7 9 10 11 | 11.0

Action                   |  1- 3 |  4- 6 |  7- 9 | 10-12 | 13-15 || total
-------------------------+-------+-------+-------+-------+-------++-------
Melee: Dagger            |   102 |    69 |   704 |  1416 |   469 ||  2760
       Tailslap          |    10 |    15 |    99 |   304 |   103 ||   531
       Punch             |       |       |     9 |    28 |     9 ||    46
       Rapier            |       |       |       |    21 |       ||    21
Throw: Dart              |       |    11 |    10 |    21 |    11 ||    53
       Javelin           |       |       |       |    13 |       ||    13
Invok: Shadow Step       |       |       |       |       |     1 ||     1
Evoke: Wand              |       |     3 |     3 |    13 |     3 ||    22
  Use: Scroll            |       |       |    18 |     9 |     4 ||    31
       Potion            |       |       |     1 |     2 |     1 ||     4
 Stab: Sleeping          |     5 |     5 |    14 |    41 |     9 ||    74
       Paralysed         |       |     4 |     3 |     4 |       ||    11
       Distracted        |       |       |     2 |     4 |       ||     6
Armor: Skin              |    29 |    13 |   128 |   275 |    73 ||   518
Dodge: Dodged            |    44 |    27 |   390 |  1264 |   364 ||  2089

Table legend: (Time is in decaauts)
 A = Elapsed time spent in this place.
 B = Non-inter-level travel time spent in this place.
 C = Inter-level travel time spent in this place.
 D = Time resting spent in this place.
 E = Time spent auto-exploring this place.
 F = Levels seen in this place.
 G = Mean time per level.
                   A        B        C        D        E       F      G
               +--------+--------+--------+--------+--------+-----+--------+
         Total |  18598 |  18166 |    432 |   2116 |  12496 |  18 | 1033.2 |
       Dungeon |  17268 |  16850 |    418 |   2112 |  11692 |  15 | 1151.2 |
        Temple |     60 |     46 |     14 |      0 |     29 |   1 |   60.0 |
        Bazaar |    267 |    267 |      0 |      0 |    170 |   1 |  267.0 |
        Bailey |   1000 |   1000 |      0 |      4 |    605 |   1 | 1000.0 |
               +--------+--------+--------+--------+--------+-----+--------+

Top non-repeatable levels by time:
    D:12: 1840 daAuts
    D:13: 1605 daAuts
     D:9: 1554 daAuts
    D:14: 1324 daAuts
    D:10: 1260 daAuts
     D:4: 1250 daAuts
     D:7: 1230 daAuts
    D:11: 1148 daAuts
     D:6: 1074 daAuts
     D:5: 1068 daAuts
  Bailey: 1000 daAuts
     D:8: 993 daAuts
     D:3: 855 daAuts
    D:15: 828 daAuts
     D:2: 726 daAuts
